 Dungeon Crawl Stone Soup version 0.21.0 (webtiles) character file.

66 Cecky the Vandal (level 4, -1/29 HPs)
             Began as a Halfling Hunter on Jan 7, 2018.
             Slain by a water moccasin zombie (5 damage)
             ... on level 2 of the Dungeon.
             The game lasted 00:05:00 (1506 turns).

Cecky the Vandal (Halfling Hunter)                  Turns: 1506, Time: 00:05:01

Health: -1/29      AC:  3    Str: 13    XL:     4   Next: 37%
Magic:  4/4        EV: 15    Int:  9    God:
Gold:   121        SH:  0    Dex: 15    Spells: 3/3 levels left

rFire    . . .     SeeInvis .   a - +1 hunting sling
rCold    . . .     Gourm    .   (shield restricted)
rNeg     . . .     Faith    .   c - +0 leather armour
rPois    .         Spirit   .   (no helmet)
rElec    .         Reflect  .   (no cloak)
rCorr    .         Harm     .   (no gloves)
MR       .....                  (no boots)
Stlth    ++........             (no amulet)
HPRegen  0.09/turn              (no ring)
MPRegen  0.09/turn              (no ring)

@: no status effects
A: small, mutation resistance 1
a: no special abilities


You were on level 2 of the Dungeon.
You were not hungry.

You visited 1 branch of the dungeon, and saw 2 of its levels.

You collected 121 gold pieces.

Inventory:

Hand Weapons
 a - a +1 hunting sling (weapon)
 b - a +0 short sword
 n - a cursed -3 dagger
Missiles
 d - 16 sling bullets
 h - a stone (quivered)
 l - 11 poisoned needles
Armour
 c - a +0 leather armour (worn)
 g - a +0 buckler
Jewellery
 j - an uncursed ring of flight {unknown}
Potions
 e - 3 potions of curing {unknown}
 k - a potion of invisibility {unknown}
 m - a potion of might {unknown}
Books
 i - a book of Misfortune

   Spells                             Type                      Level
   a - Confusing Touch                Hexes                        1
   b - Confuse                        Hexes                        3
   c - Gell's Gravitas                Translocation                3
   d - Petrify                        Transmutation/Earth          4
   e - Metabolic Englaciation         Hexes/Ice                    5
   f - Yara's Violent Unravelling     Hexes/Transmutation          5
Comestibles
 f - 3 rations
 o - a chunk of flesh


   Skills:
 + Level 2.3 Fighting
 + Level 7.2 Slings
 - Level 0.4 Armour
 + Level 2.8 Dodging
 + Level 1.1 Stealth


You had 3 spell levels left.
You didn't know any spells.

Dungeon Overview and Level Annotations

Branches:
Dungeon (2/15)

Altars:


Innate Abilities, Weirdness & Mutations

You are small and have problems with some larger weapons.
You are somewhat resistant to further mutation.


Message History

Firing (i - inventory. (,) - cycle):
h - 4 stones (quivered)
Press: ? - help, Shift-Dir - straight line, f/p - water moccasin zombie
Aim: a water moccasin zombie (heavily damaged)
You shoot a stone.
The stone hits the water moccasin zombie.
The water moccasin zombie is severely damaged.
The water moccasin zombie barely misses you.
Firing (i - inventory. (,) - cycle):
h - 3 stones (quivered)
Press: ? - help, Shift-Dir - straight line, f/p - water moccasin zombie
Aim: a water moccasin zombie (severely damaged)
You shoot a stone.
The stone closely misses the water moccasin zombie.
The water moccasin zombie closely misses you.
Firing (i - inventory. (,) - cycle):
h - 2 stones (quivered)
Press: ? - help, Shift-Dir - straight line, f/p - water moccasin zombie
Aim: a water moccasin zombie (severely damaged)
You shoot a stone.
The stone barely misses the water moccasin zombie.
The water moccasin zombie bites you.
You die...

# #.......# #
#.......#
#.......####
#...........
#........# .#
#........# .#
#........## ..
#.........# ##
#.####.###@#.#
.#### #.#....#
#Z......#
....###.#.####
##.####..
###..##...# ..
####..##..# ##. .#
##.....## ###...
.#####..#...####..
..
.......####......#
#..
.........##......#


You could see a water moccasin zombie.

Vanquished Creatures
  An adder (D:2)
  2 dart slugs (D:1)
  4 leopard geckos
  2 giant cockroaches
  9 goblins
  5 hobgoblins
  7 kobolds
  2 quokkas (D:2)
  A ball python (D:2)
  9 bats
  3 frilled lizards (D:1)
  A rat (D:2)
46 creatures vanquished.

Notes
Turn   | Place    | Note
-------+----------+-------------------------------------------
     0 | D:1      | Cecky the Halfling Hunter began the quest for the Orb.
     0 | D:1      | Reached XP level 1. HP: 14/14 MP: 1/1
    80 | D:1      | Reached skill level 6 in Slings
    81 | D:1      | Reached XP level 2. HP: 12/19 MP: 2/2
   472 | D:1      | Reached XP level 3. HP: 24/24 MP: 3/3
  1044 | D:2      | Reached skill level 7 in Slings
  1167 | D:2      | Reached XP level 4. HP: 23/29 MP: 4/4
  1340 | D:2      | Found a faded altar of an unknown god.
  1506 | D:2      | Slain by a water moccasin zombie

Skill      XL: |  1  2  3 |
---------------+----------+-----
Slings         | 6 7 |  7.2
Fighting       | 2 |  2.3
Armour         | |  0.4
Dodging        | |  2.8
Stealth        | |  1.1

Action                   |  1- 3 |  4- 6 || total
-------------------------+-------+-------++-------
Melee: Short sword       |    68 |    30 ||    98
 Fire: Hunting sling     |    61 |    21 ||    82
  Use: Scroll            |     3 |       ||     3
 Stab: Sleeping          |       |     1 ||     1
  Eat: Chunk             |     1 |     1 ||     2
Armor: Leather armour    |    24 |    10 ||    34
Dodge: Dodged            |    71 |    43 ||   114
